 Dungeon Crawl Stone Soup version 0.25-a0-425-g0e000e855e (webtiles) character file.

Game seed: 4666899616606110897, levelgen mode: deterministic

3404 ChaosChampion the Covert (level 10, -1/65 HPs)
             Began as an Octopode Transmuter on Jan 24, 2020.
             Was a High Priest of Cheibriados.
             Slain by an orc
             ... wielding a cursed -2 whip
              (3 damage)
             ... on level 9 of the Dungeon.
             The game lasted 00:19:39 (7449 turns).

ChaosChampion the Covert (Octopode Transmuter)      Turns: 7449, Time: 00:19:40

Health: -1/65      AC: -2    Str: 22    XL:     10   Next: 4%
Magic:  18/19      EV: 32    Int: 33    God:    Cheibriados [*****.]
Gold:   346        SH:  0    Dex: 27    Spells: 10/21 levels left

rFire    x . .     SeeInvis +     - Unarmed
rCold    + . .     Gourm    .   (no shield)
rNeg     . . .     Faith    .   (helmet restricted)
rPois    .         Spirit   .   B - amulet of the acrobat
rElec    .         Reflect  .   f - ring of see invisible
rCorr    .         Harm     .   n - ring of wizardry
MR       .....                  A - ring of ice
Stlth    ++++++....             (no ring)
HPRegen  0.20/turn              (no ring)
MPRegen  0.16/turn              (no ring)
                                (no ring)
                                (no ring)

@: about to teleport, corroded, acrobat, very slow
A: almost no armour, stealthy swim, amphibious, 8 rings, constrict 8, rugged
brown scales 1, camouflage 1, clever 1, gelatinous body 1, MP-powered wands
a: Bend Time, Temporal Distortion, Slouch, Step From Time, Renounce Religion


You were on level 9 of the Dungeon.
You worshipped Cheibriados.
Cheibriados was extremely pleased with you.
You were not hungry.

You visited 2 branches of the dungeon, and saw 10 of its levels.

You collected 346 gold pieces.

Inventory:

Hand Weapons
 q - a +1 dagger of holy wrath
Missiles
 a - 85 arrows
 g - 6 atropa-tipped darts
 h - 66 bolts (quivered)
Jewellery
 f - a ring of see invisible (left tentacle)
 n - a ring of wizardry (right tentacle)
 A - a ring of ice (on tentacle)
 B - an amulet of the acrobat (around mantle)
Wands
 m - a wand of clouds (5)
 p - a wand of polymorph (6)
 w - a wand of iceblast (7)
Scrolls
 b - 2 scrolls of teleportation
 l - 3 scrolls of remove curse
 y - 4 scrolls of identify
 D - a scroll of fog
 F - a scroll of enchant weapon
Potions
 e - a potion of lignification
 i - a potion of might {unknown}
 j - a potion of mutation
 k - 2 potions of brilliance
 o - a potion of agility {unknown}
 r - 2 potions of cancellation
 s - a potion of resistance
 t - a potion of heal wounds {unknown}
 u - a potion of curing {unknown}
 v - a potion of haste {unknown}
 x - a potion of berserk rage {unknown}
 E - a potion of ambrosia {unknown}
Comestibles
 c - 12 rations


   Skills:
 + Level 4.3 Fighting
 + Level 4.7 Dodging
 * Level 8.8 Stealth
 * Level 6.9 Unarmed Combat
 * Level 6.0 Spellcasting
 * Level 6.5 Transmutations


You had 10 spell levels left.
You knew the following spells:

 Your Spells              Type           Power        Failure   Level  Hunger
a - Beastly Appendage     Tmut           ######       1%          1    None
b - Sticks to Snakes      Tmut           ######..     1%          2    None
c - Spider Form           Tmut/Pois      ####......   1%          3    None
d - Blade Hands           Tmut           ######....   3%          5    #####..

Your spell library contained the following spells:

 Spells                   Type           Power        Failure   Level  Hunger
 Ice Form                 Ice/Tmut       #####...     4%          4    ##.....


Dungeon Overview and Level Annotations

Branches:
Dungeon (9/15)             Temple (1/1) D:5
   Lair: D:8-11         Orc: D:9-12

Altars:
Ashenzari
Cheibriados
Dithmenos
Elyvilon
Fedhas
Gozag
Hepliaklqana
Kikubaaqudgha
Makhleb
Nemelex Xobeh
Okawaru
Qazlal
Ru
Sif Muna
Trog
Uskayaw
Vehumet
Wu Jian
Xom
Yredelemnul
Zin
The Shining One

Shops:
D:6 [}

Annotations:
D:9 exclusion: obsidian statue, Pikel


Innate Abilities, Weirdness & Mutations

You cannot wear most types of armour.
You are very stealthy in the water. (Stealth+)
You are amphibious.
You can wear up to eight rings at the same time.
You can use your tentacles to constrict eight enemies at once.
Your skin changes colour to match your surroundings (Stealth+).
Your rubbery body absorbs attacks. (AC +1, EV +1)
You are partially covered in rugged brown scales. (AC +1, +3% HP)
Your mind is acute. (Int +2)
You expend magic power (3 MP) to strengthen your wands.


Message History

The rust devil hits you. The rust devil corrodes you!
The hellwing barely misses you. The hellwing closely misses you.
The orc completely misses you. The smoke demon gestures at you.
Something smites you!
* * * LOW HITPOINT WARNING * * *
A gnoll comes into view.
The gnoll weeps quietly.
The orc completely misses you. The rust devil barely misses you.
A scorpion comes into view.
As you read the scroll of teleportation, it crumbles to dust.
You feel strangely unstable. The hellwing hits you!
* * * LOW HITPOINT WARNING * * *
The hellwing misses you.
An orc comes into view. It is wielding a +0 club.
The orc misses you. The rust devil barely misses you.
The hellwing swoops through the air toward you!
The hellwing completely misses you. x2; The gnoll completely misses you.
The hellwing completely misses you. x2; The orc hits you with a cursed -2 whip.
You die...

.........## ..
#..........## ...
#...........###....
#..................
#.....#.....s.o....#.....
#.....#............#..###
#.....#............##.#
#.....#4..o........# .#
#.....#.@43........# .#
#.....#.go.........# #
#.....#.....5......#
#........####......#
#........# #......#
#......<.# #......#
#.....##.# #......#
#.....##.# #......#
#.....##.# #..5.....


You could see a hellwing, a rust devil, a smoke demon, a scorpion (wandering),
an orc wizard, a gnoll, a shadow imp and 2 orcs.

Vanquished Creatures
  An ugly thing (D:7)
  A hippogriff (D:7)
  A hungry ghost (D:7)
  An orc warrior (D:6)
  Duvessa (D:4)
  2 ice beasts
  2 sky beasts
  A phantom (D:5)
  6 ogres
  A centaur (D:8)
  3 bullfrogs
  Dowan (D:4)
  A howler monkey (D:6)
  2 bullfrog zombies (D:4)
  4 crimson imps
  A centaur zombie (D:4)
  2 bullfrog skeletons
  3 hounds
  2 centaur skeletons (D:4)
  A jelly (D:8)
  5 orc priests
  8 orc wizards
  3 worker ants
  An iguana (D:6)
  3 worker ant zombies
  8 adders
  4 gnolls (D:4)
  4 oozes
  An adder zombie (D:6)
  2 adder skeletons (D:4)
  A worm (D:2)
  2 dart slugs
  A leopard gecko (D:8)
  28 orcs
  5 bats
  6 giant cockroaches
  12 goblins
  8 hobgoblins
  5 jackals (D:7)
  5 quokkas
  3 frilled lizards
  2 jackal skeletons
  2 jackal zombies
  6 kobolds
  A leopard gecko zombie (D:7)
  A quokka zombie (D:8)
  9 rats
173 creatures vanquished.

Vanquished Creatures (collateral kills)
  An ogre (D:6)
  Robin (D:4)
  An adder zombie (D:4)
  2 adder skeletons (D:4)
  An orc (D:7)
  A goblin (D:2)
  A hobgoblin (D:2)
  A kobold (D:2)
  A leopard gecko zombie (D:4)
  A rat (D:3)
11 creatures vanquished.

Grand Total: 184 creatures vanquished

Notes
Turn   | Place    | Note
-------+----------+-------------------------------------------
     0 | D:1      | ChaosChampion the Octopode Transmuter began the quest for
                  | the Orb.
     0 | D:1      | Reached XP level 1. HP: 13/13 MP: 3/3
   137 | D:1      | Reached XP level 2. HP: 13/18 MP: 3/5
   154 | D:1      | Learned a level 2 spell: Sticks to Snakes
   472 | D:1      | Reached skill level 1 in Stealth
  1044 | D:2      | Reached XP level 3. HP: 10/23 MP: 2/6
  1050 | D:2      | Learned a level 3 spell: Spider Form
  1256 | D:2      | Found a snail-covered altar of Cheibriados.
  1264 | D:2      | Became a worshipper of Cheibriados the Contemplative
  1663 | D:2      | Found a shattered altar of Ashenzari.
  1784 | D:3      | Found a faded altar of an unknown god.
  1800 | D:3      | Reached skill level 2 in Stealth
  1806 | D:3      | Reached XP level 4. HP: 19/28 MP: 1/7
  1831 | D:3      | Found a burning altar of Makhleb.
  1953 | D:3      | Reached * piety under Cheibriados
  2065 | D:3      | Reached XP level 5. HP: 11/33 MP: 1/9
  2074 | D:3      | Reached skill level 3 in Stealth
  2098 | D:3      | Found a shadowy altar of Dithmenos.
  2573 | D:4      | Reached ** piety under Cheibriados
  2577 | D:4      | Reached XP level 6. HP: 25/39 MP: 3/10
  2912 | D:4      | Reached skill level 4 in Stealth
  2928 | D:4      | Noticed Robin
  2942 | D:4      | Killed Robin
  2966 | D:4      | Noticed Dowan
  2982 | D:4      | Reached *** piety under Cheibriados
  3047 | D:4      | Noticed Duvessa
  3052 | D:4      | Killed Dowan
  3052 | D:4      | Reached XP level 7. HP: 35/45 MP: 8/12
  3064 | D:4      | Killed Duvessa
  3357 | D:4      | Found a white marble altar of Elyvilon.
  3466 | D:4      | Reached skill level 5 in Stealth
  3656 | D:4      | Found a shimmering altar of Xom.
  3658 | D:4      | Found an iron altar of Okawaru.
  3658 | D:4      | Found a white marble altar of Elyvilon.
  3660 | D:4      | Found a radiant altar of Vehumet.
  3660 | D:4      | Found a white marble altar of Elyvilon.
  3660 | D:4      | Found an iron altar of Okawaru.
  3703 | D:5      | Entered Level 5 of the Dungeon
  3744 | D:5      | Gained mutation: You expend magic power (3 MP) to
                  | strengthen your wands. [potion of mutation]
  3744 | D:5      | Gained mutation: Your mind is acute. (Int +2) [potion of
                  | mutation]
  3744 | D:5      | Gained mutation: You are partially covered in rugged brown
                  | scales. (AC +1, +3% HP) [potion of mutation]
  3747 | D:5      | Found a staircase to the Ecumenical Temple.
  3800 | D:5      | Reached XP level 8. HP: 50/52 MP: 11/14
  3817 | D:5      | Reached skill level 5 in Unarmed Combat
  3824 | D:5      | Learned a level 5 spell: Blade Hands
  4020 | D:5      | Reached **** piety under Cheibriados
  4333 | D:5      | Reached skill level 6 in Stealth
  4533 | Temple   | Entered the Ecumenical Temple
  4922 | D:6      | Reached skill level 5 in Transmutations
  4946 | D:6      | Found Enkoires's Gadget Shop.
  5012 | D:6      | Found Nairhit's Armour Shop.
  5031 | D:6      | Found a sacrificial altar of Ru.
  5120 | D:6      | Reached XP level 9. HP: 58/58 MP: 11/16
  5174 | D:6      | Reached skill level 7 in Stealth
  5234 | D:6      | Reached skill level 5 in Spellcasting
  5454 | D:6      | Found a basalt altar of Yredelemnul.
  5597 | D:7      | Reached ***** piety under Cheibriados
  5855 | D:7      | Noticed a cyan ugly thing
  5864 | D:7      | Killed a cyan ugly thing
  5864 | D:7      | Reached skill level 8 in Stealth
  6555 | D:9      | Noticed a two-headed ogre
  6879 | D:8      | Found an opulent altar of Gozag.
  6984 | D:8      | Reached XP level 10. HP: 61/65 MP: 12/18
  7377 | D:9      | Noticed Pikel
  7436 | D:9      | Noticed an obsidian statue
  7437 | D:9      | Noticed a rust devil
  7437 | D:9      | Noticed a smoke demon
  7441 | D:9      | Noticed a two-headed ogre
  7448 | D:9      | HP: 2/65 [hellwing[an obsidian statue] (14)]
  7449 | D:9      | Slain by an orc

Levels and vault maps discovered:
D:1:      evilmike_arrival_hilbert_curve, layout_basic,
          hangedman_abyss_or_decor_lesser_grid, serial_park_tiny_1,
          minmay_pentomino_p2
D:2:      layout_basic, cheibriados_altar_1, first_ration,
          grunt_ashenzari_visionary [grunt_ashenzari_visionary_shoals,
          grunt_ashenzari_visionary_snake]
D:3:      layout_basic, lemuel_doored_altar, chequers_ecumenical_altar_simple,
          mrwooster_statue_mirror, makhleb_blood_cavern_becter
D:4:      layout_loops_cross, doesnt_xom_only_xom, serial_undead,
          serial_undead_a, serial_undead_c, serial_undead_f, serial_undead_c,
          elyvilon_altar_3, uniq_duvessa, uniq_robin
D:5:      layout_cave_pods, minmay_temple_entry_large_hall,
          hangedman_decor_points
D:6:      layout_loops_cross, old_standard_altar, kennysheep_mini_moat,
          serial_shops, nicolae_shop_stone, shop, lightli_orcish_oven
D:7:      layout_cave_pools
D:8:      layout_basic, kennysheep_mini
D:9:      minmay_separated_statues, layout_long_grid, erik_orc_3, uniq_pikel,
          uniq_grum, uniq_prince_ribbit1, uniq_joseph
Temple:   eino_temple_rhombus

Skill      XL: |  1  2  3  4  5  6  7  8  9 10 |
---------------+-------------------------------+-----
Stealth        | 1 2 3 4 5 6 8 |  8.8
Transmutations | 3 4 5 6 |  6.5
Spellcasting   | 3 4 5 6 |  6.0
Unarmed Combat | 4 5 6 |  6.9
Fighting       | 2 3 4 |  4.3
Dodging        | 3 4 |  4.7

Action                   |  1- 3 |  4- 6 |  7- 9 | 10-12 || total
-------------------------+-------+-------+-------+-------++-------
Melee: Unarmed           |    71 |   158 |   206 |     5 ||   440
       Constrict         |    19 |    10 |    22 |     2 ||    53
       Kick              |    10 |     1 |     3 |       ||    14
       Tentacles         |     4 |    12 |    28 |     1 ||    45
       Punch             |     1 |     1 |     6 |     1 ||     9
 Cast: Beastly Appendage |     9 |     1 |     2 |       ||    12
       Sticks to Snakes  |     2 |     6 |    15 |       ||    23
       Spider Form       |     5 |    18 |    18 |       ||    41
       Blade Hands       |       |       |    26 |     3 ||    29
  Use: Scroll            |       |       |    12 |     4 ||    16
       Potion            |       |       |     1 |       ||     1
 Stab: Sleeping          |     3 |     3 |    10 |       ||    16
       Distracted        |       |     1 |     2 |       ||     3
  Eat: Chunk             |     1 |     4 |    10 |     3 ||    18
       Ration            |     1 |       |     1 |       ||     2
Armor: Skin              |     9 |     8 |     9 |     1 ||    27
Dodge: Dodged            |    44 |   139 |   179 |    34 ||   396

Table legend:
 A = Non-vault XP
 B = Vault XP
 C = Vault XP percentage of total XP
 D = Non-vault monster count
 E = Vault monster count
 F = Vault count percentage of total count
                 A         B        C        D         E       F
            +---------+---------+-------+---------+---------+-------
      Total |    4199 |     665 |  13.7 |     147 |      37 |  20.1
            +---------+---------+-------+---------+---------+-------
        D:1 |      19 |       2 |   9.5 |      10 |       2 |  16.7
        D:2 |      43 |       0 |   0.0 |      14 |       0 |   0.0
        D:3 |     179 |      29 |  13.9 |      28 |       1 |   3.4
        D:4 |     248 |     483 |  66.1 |      23 |      28 |  54.9
        D:5 |     704 |       0 |   0.0 |      13 |       0 |   0.0
        D:6 |     973 |     151 |  13.4 |      19 |       6 |  24.0
        D:7 |    1401 |       0 |   0.0 |      24 |       0 |   0.0
        D:8 |     632 |       0 |   0.0 |      16 |       0 |   0.0
            +---------+---------+-------+---------+---------+-------
